cohdb
Replays
Latest Replays
All Replays
Popular Replays
Top Player Replays
Match Explorer
How It Works
Community
CoH3 Stats
Reddit
Sign in to upload your games and track your stats! →
Sign in with Steam
Match 42168696
Unlisted
Match 42168696
Overview
Messages
Build Orders
End
Panzergrenadier Squad
Selects Battlefield Espionage Battlegroup
Panzergrenadier Squad
Panzergrenadier Squad
Construct Light Support Kompanie
Selects 250/3 Funkpanzerwagen
250/3 Funkpanzerwagen
2.5-tonne Medical Truck
Panzerjäger Mechanized Group
Selects Anti-Tank Incendiary Munitions
Fire Support Elements
Pak 38 Anti-tank Gun Team
Selects Intel Disruption Beacon
Veteran Squad Leaders
Selects Plunder
le.IG 18 Mechanized Group
[82AD] PaulVmax
Luce
Mace
Courtuneitor
TheWolf
MR.DOGO-YT
0
0
Comments
sign in to comment!
No comments posted yet!